[Event "Titled Tuesday Blitz February 14 Late 2023"]
[White "benny_aizenberg"]
[Black "Kamsky, Gata"]
[BlackFideId "2000024"]
[WhiteElo "2558"]
[BlackElo "2665"]
[Result "0-1"]
[Round "11"]
[TimeControl "180+2"]
[Date "2023.02.14"]
[WhiteClock "0:01:58"]
[BlackClock "0:01:20"]

1. e4 e5 2. Nf3 Nc6 3. d4 exd4 4. Nxd4 Bc5 5. Nb3 Bb6 6. Nc3 Nge7 7. Bg5 f6 8. Bh4 d6 9. Bc4 Ne5 10. Bb5+ c6 11. Be2 O-O 12. Qd2 N7g6 13. Bg3 f5 14. exf5 Bxf5 15. O-O-O d5 16. Rhe1 Qf6 17. Na4 Bc7 18. Nac5 b6 19. Nd3 Nc4 20. Qb4 Bxd3 0-1


[Site "https://www.chess.com"]

[Event "Titled Tuesday Blitz February 14 Late 2023"]
[White "O`Gorman, Tom"]
[Black "Yuan, Qingyu"]
[WhiteFideId "2508249"]
[BlackFideId "8609772"]
[WhiteElo "2355"]
[BlackElo "2373"]
[Result "1/2-1/2"]
[Round "11"]
[TimeControl "180+2"]
[Date "2023.02.14"]
[WhiteClock "0:00:14"]
[BlackClock "0:00:06"]

1. d4 d5 2. c4 e6 3. Nc3 Be7 4. Nf3 Nf6 5. Bf4 O-O 6. e3 Nbd7 7. c5 c6 8. Bd3 b6 9. b4 a5 10. a3 Ba6 11. O-O Qc8 12. h3 h6 13. Bh2 Qb7 14. Qe2 Bxd3 15. Qxd3 Ra6 16. Rfc1 axb4 17. axb4 Rfa8 18. Rxa6 Rxa6 19. Qd1 bxc5 20. bxc5 Qb4 21. Qc2 Ra3 22. Ne2 Ne4 23. Rb1 Qa5 24. Bf4 Ra2 25. Rb2 Ra1+ 26. Rb1 Nf8 27. Rxa1 Qxa1+ 28. Qc1 Qa2 29. Qe1 g5 30. Bc7 Ng6 31. Ng3 Nxg3 32. Bxg3 Bd8 33. Qb4 Qa8 34. Ne5 Nxe5 35. Bxe5 Kh7 36. Qb1+ Kg8 37. g3 Be7 38. Kg2 Bf8 39. Qb6 Bg7 40. Bxg7 Kxg7 41. Qc7 Qa4 42. Qd7 Qb5 43. Kf3 Qa4 44. Qd6 Qd1+ 45. Kg2 Qa4 46. Qe5+ Kg6 47. h4 Qc2 48. hxg5 hxg5 49. Qd6 Qe4+ 50. Kh2 Qc2 51. Kg1 Qb1+ 52. Kg2 Qe4+ 53. Kf1 Qb1+ 54. Kg2 Qb5 55. Qf8 Qb1 56. Qg8+ Kf6 57. Qd8+ Kg6 58. Qg8+ Kf6 59. Qh8+ Ke7 60. Qc8 Qe4+ 61. Kg1 Qb1+ 62. Kg2 Qe4+ 63. Kg1 Qb1+ 64. Kg2 1/2-1/2


[Site "https://www.chess.com"]

[Event "Titled Tuesday Blitz February 14 Late 2023"]
[White "Prem, Pranav"]
[Black "Jaracz, Pawel"]
[WhiteFideId "30901057"]
[BlackFideId "1102222"]
[WhiteElo "2061"]
[BlackElo "2467"]
[Result "0-1"]
[Round "11"]
[TimeControl "180+2"]
[Date "2023.02.14"]
[WhiteClock "0:00:06"]
[BlackClock "0:00:35"]

1. d4 Nf6 2. c4 c5 3. d5 b5 4. cxb5 a6 5. bxa6 g6 6. Nc3 Bg7 7. e4 d6 8. Nf3 O-O 9. Be2 Bxa6 10. O-O Nbd7 11. a4 Qa5 12. Nd2 Rfb8 13. Ra3 Ne8 14. Bb5 Bc8 15. Nc4 Qd8 16. Bc6 Ra7 17. a5 Ba6 18. Ra4 Nc7 19. Re1 Rb4 20. Ne3 Ne5 21. Nc2 Rxa4 22. Bxa4 Nd3 23. Re3 Nxc1 24. Qxc1 Rb7 25. Bc6 Rb8 26. Re1 Nb5 27. Bxb5 Bxb5 28. Qa1 Ba6 29. Qa3 Rb7 30. Ne3 Qb8 31. Ned1 Bd4 32. h3 Rb4 33. Qa2 Bc4 34. Qa1 Qa7 35. Kh1 Bb3 36. f3 c4 37. Kh2 h5 38. Qa3 Bc5 39. Qa1 h4 40. Re2 Bg1+ 41. Kh1 Bd4 42. Kh2 e6 43. Rd2 Bg1+ 44. Kh1 e5 45. Re2 Bd4 46. Rd2 Rb8 47. Ne2 Bc5 48. Ndc3 Bb4 49. Qc1 Qxa5 50. Qe1 Ra8 51. Qg1 Bc5 52. Qf1 Be3 53. Rd1 Bxd1 54. Qxd1 Qa1 55. Qxa1 Rxa1+ 56. Kh2 Bd4 57. g3 Re1 58. gxh4 Rxe2+ 59. Nxe2 Bxb2 60. Kg2 c3 61. Kg3 c2 62. Kg4 c1=Q 63. Nxc1 Bxc1 64. h5 Kg7 65. hxg6 fxg6 66. h4 Kh6 67. Kg3 Kh5 68. Kh3 Bf4 0-1


[Site "https://www.chess.com"]

[Event "Titled Tuesday Blitz February 14 Late 2023"]
[White "Salimova, Nurgyul"]
[Black "Kaplan, Avi Harrison"]
[WhiteFideId "2915138"]
[BlackFideId "30934559"]
[WhiteElo "2391"]
[BlackElo "2146"]
[Result "1-0"]
[Round "11"]
[TimeControl "180+2"]
[Date "2023.02.14"]
[WhiteClock "0:00:20"]
[BlackClock "0:00:06"]

1. e4 c5 2. Nf3 d6 3. d4 cxd4 4. Nxd4 Nf6 5. Nc3 a6 6. Bg5 Nbd7 7. Qe2 e6 8. f4 Be7 9. O-O-O Qc7 10. g4 b5 11. Bxf6 Bxf6 12. g5 Be7 13. a3 Bb7 14. h4 Rc8 15. f5 e5 16. Nb3 Nb6 17. Bh3 f6 18. Rd3 Nc4 19. Rhd1 O-O 20. g6 h6 21. Bf1 Qb6 22. Qe1 a5 23. Nd2 b4 24. Nxc4 Rxc4 25. Rxd6 Bxd6 26. Bxc4+ Kh8 27. axb4 axb4 28. Na4 Qc7 29. Bb3 Rc8 30. Kb1 Bc6 31. Qd2 1-0


[Site "https://www.chess.com"]

[Event "Titled Tuesday Blitz February 14 Late 2023"]
[White "Remolar Gallen, Jose"]
[Black "Golubka, Petro"]
[WhiteFideId "2215187"]
[BlackFideId "14114224"]
[WhiteElo "2285"]
[BlackElo "2371"]
[Result "1/2-1/2"]
[Round "11"]
[TimeControl "180+2"]
[Date "2023.02.14"]
[WhiteClock "0:00:05"]
[BlackClock "0:01:46"]

1. d4 d5 2. c4 e6 3. Nc3 Be7 4. Bf4 Nf6 5. e3 O-O 6. Rc1 dxc4 7. Bxc4 c5 8. Nf3 Nc6 9. O-O a6 10. Qe2 b5 11. Bb3 c4 12. Bc2 Bb7 13. Rfd1 Nb4 14. Bb1 Nbd5 15. Bg3 Nxc3 16. bxc3 Be4 17. Ne5 Qd5 18. f3 Bxb1 19. Rxb1 Ba3 20. Bh4 Nd7 21. e4 Qd6 22. Ng4 f5 23. e5 Qc6 24. Ne3 f4 25. Nc2 Nb6 26. Nxa3 Nd5 27. Be1 Rfc8 28. Nc2 a5 29. Rb2 Rcb8 30. Rdb1 Rb6 31. a4 Rab8 32. axb5 Rxb5 33. Rxb5 Rxb5 34. Rxb5 Qxb5 35. Na3 Qb3 36. Nxc4 a4 37. Nd6 Nxc3 38. Qa6 h5 39. Qc8+ Kh7 40. Qe8 Ne2+ 41. Kf1 Nxd4 42. Qxh5+ Kg8 43. Qf7+ Kh7 44. Qh5+ Kg8 45. Qf7+ Kh7 46. Qh5+ 1/2-1/2


[Site "https://www.chess.com"]

[Event "Titled Tuesday Blitz February 14 Late 2023"]
[White "WindWhistler11"]
[Black "Petrovic, Aleksa"]
[BlackFideId "967629"]
[WhiteElo "2627"]
[BlackElo "2332"]
[Result "0-1"]
[Round "11"]
[TimeControl "180+2"]
[Date "2023.02.14"]
[WhiteClock "0:00:14"]
[BlackClock "0:00:35"]

1. Nf3 Nf6 2. g3 b6 3. Bg2 Bb7 4. O-O c5 5. b3 g6 6. Bb2 Bg7 7. c4 O-O 8. d4 cxd4 9. Qxd4 d6 10. Nc3 Nbd7 11. Qh4 Rc8 12. Rfd1 Rc5 13. Ng5 Bxg2 14. Kxg2 Qa8+ 15. Kg1 h6 16. Nf3 Rfc8 17. Nd2 a6 18. Rac1 b5 19. cxb5 axb5 20. b4 Rh5 21. Qf4 Rf5 22. Qd4 Nd5 23. Qxg7+ Kxg7 24. Nxd5+ e5 25. Rxc8 Qxc8 26. Ne7 Qc2 27. Nxf5+ gxf5 0-1


[Site "https://www.chess.com"]

[Event "Titled Tuesday Blitz February 14 Late 2023"]
[White "Rangel, Daniel"]
[Black "Han, Yichen"]
[WhiteFideId "2124475"]
[BlackFideId "1054430"]
[WhiteElo "2207"]
[BlackElo "2413"]
[Result "1/2-1/2"]
[Round "11"]
[TimeControl "180+2"]
[Date "2023.02.14"]
[WhiteClock "0:00:15"]
[BlackClock "0:01:13"]

1. c4 Nf6 2. g3 c6 3. Nf3 d5 4. b3 Bg4 5. Ne5 Bf5 6. Bb2 e6 7. Bg2 Nbd7 8. O-O Be7 9. d3 O-O 10. Nd2 Nxe5 11. Bxe5 Nd7 12. Bb2 b5 13. e4 dxe4 14. Nxe4 Rc8 15. d4 Nf6 16. Qe2 Qb6 17. c5 Qd8 18. Nxf6+ Bxf6 19. Rad1 a5 20. Be4 Bxe4 21. Qxe4 Qd5 22. Qxd5 exd5 23. Rfe1 Rfe8 24. Bc3 a4 25. b4 Kf8 26. a3 g6 27. f3 h5 28. f4 h4 29. Kf2 Kg7 30. g4 g5 31. f5 Kf8 32. Rxe8+ Rxe8 33. Re1 Ra8 34. h3 Bd8 35. Kf3 Bc7 36. Re2 Bf4 37. Bd2 Bxd2 38. Rxd2 Kg7 39. Re2 Kf6 40. Re1 Ra7 41. Re8 Kg7 42. Rc8 Ra6 43. Rb8 Ra7 44. Rc8 Ra6 45. Rd8 f6 46. Rd7+ Kf8 47. Rb7 Ra8 48. Rc7 Ra6 49. Rc8+ Kf7 50. Rh8 Kg7 51. Re8 Kf7 52. Re6 Kg7 53. Ke3 Kf7 54. Kd3 Kg7 55. Kc3 Kf7 56. Kd3 Kg7 57. Re7+ Kf8 58. Re6 Kf7 59. Rd6 Ke7 60. Re6+ Kf7 61. Rd6 Ke7 62. Re6+ Kf7 1/2-1/2


[Site "https://www.chess.com"]

[Event "Titled Tuesday Blitz February 14 Late 2023"]
[White "Jovic, Stanoje"]
[Black "Gubajdullin, Alexei"]
[WhiteFideId "905020"]
[BlackFideId "4141202"]
[WhiteElo "2075"]
[BlackElo "2285"]
[Result "1/2-1/2"]
[Round "11"]
[TimeControl "180+2"]
[Date "2023.02.14"]
[WhiteClock "0:00:29"]
[BlackClock "0:00:21"]

1. c4 Nf6 2. g3 g6 3. Bg2 Bg7 4. Nc3 O-O 5. Nf3 d6 6. O-O Nc6 7. d3 Nh5 8. e4 Bg4 9. h3 Bxf3 10. Bxf3 Nf6 11. Rb1 Nd4 12. Bg2 a5 13. a3 Nd7 14. b4 axb4 15. axb4 c6 16. f4 Qc7 17. Kh2 Ra7 18. Be3 Ra3 19. Ne2 Nxe2 20. Qxe2 Rfa8 21. h4 Ra2 22. Qf3 R8a3 23. Rbd1 Nb6 24. Rf2 Na4 25. Rxa2 Rxa2 26. h5 Nb2 27. Rd2 Ra3 28. e5 dxe5 29. f5 Nxd3 30. fxg6 hxg6 31. hxg6 fxg6 32. Qe4 Nxb4 33. Bh3 Rxe3 34. Qxe3 Qa5 35. Be6+ Kh7 36. Qe4 Nd5 37. Rf2 Nf6 38. Rxf6 exf6 39. Qh4+ Bh6 40. Qxf6 Bg7 41. Qh4+ Bh6 42. Qe7+ Bg7 43. Qh4+ Bh6 44. Qe7+ Bg7 45. Qh4+ 1/2-1/2


[Site "https://www.chess.com"]

[Event "Titled Tuesday Blitz February 14 Late 2023"]
[White "Alvarez Calzadilla, Jose Avelino"]
[Black "Sztokbant, Bernardo Vainzoff"]
[WhiteFideId "3526151"]
[BlackFideId "2115956"]
[WhiteElo "2386"]
[BlackElo "2213"]
[Result "1-0"]
[Round "11"]
[TimeControl "180+2"]
[Date "2023.02.14"]
[WhiteClock "0:00:38"]
[BlackClock "0:00:01"]

1. e4 c5 2. Nf3 e6 3. d3 Nc6 4. g3 d5 5. Nbd2 Nf6 6. Bg2 Be7 7. O-O O-O 8. Re1 dxe4 9. dxe4 e5 10. c3 Qc7 11. Nc4 Rd8 12. Qc2 Be6 13. Bf1 h6 14. a4 b6 15. Ne3 Rd7 16. Nh4 Bf8 17. Bc4 Bxc4 18. Nxc4 Rad8 19. Nf5 Kh7 20. Nfe3 Ne7 21. b3 Ng6 22. Bb2 Qc6 23. f3 Rd3 24. Rad1 Rxd1 25. Rxd1 Rd7 26. Rd3 Ne8 27. Qd2 Rxd3 28. Qxd3 Be7 29. Nd5 Qd7 30. Kg2 Bd8 31. Nce3 Nf8 32. Bc1 Ne6 33. h4 g6 34. Ng4 Qd6 35. Bxh6 c4 36. bxc4 Nc5 37. Qd2 Nxa4 38. Bg5 Nc5 39. Ndf6+ Bxf6 40. Nxf6+ Qxf6 41. Bxf6 Nxf6 42. Qd6 Nfd7 43. Qe7 Kg7 44. g4 a5 45. h5 gxh5 46. gxh5 a4 47. Qg5+ Kh7 48. h6 Ne6 49. Qf5+ Kxh6 50. Qxf7 Nec5 51. Qg8 a3 52. Qa8 1-0


[Site "https://www.chess.com"]

[Event "Titled Tuesday Blitz February 14 Late 2023"]
[White "Drnovsek, Gal"]
[Black "Vovk, Orest"]
[WhiteFideId "14607077"]
[BlackFideId "14113490"]
[WhiteElo "2397"]
[BlackElo "2315"]
[Result "1-0"]
[Round "11"]
[TimeControl "180+2"]
[Date "2023.02.14"]
[WhiteClock "0:01:38"]
[BlackClock "0:00:51"]

1. e4 g5 2. d4 g4 3. Nc3 Bg7 4. Be3 d6 5. h3 h5 6. hxg4 hxg4 7. Rxh8 Bxh8 8. Be2 Nf6 9. Qd2 c6 10. O-O-O Qa5 11. f3 b5 12. e5 b4 13. exf6 bxc3 14. Qxc3 Qxc3 15. bxc3 gxf3 16. Bxf3 Bxf6 17. Ne2 Be6 18. d5 Bxd5 19. Rxd5 cxd5 20. Bxd5 Kd7 21. Bxa8 a6 22. Bd4 e5 23. Ba7 Nc6 24. Bb6 d5 25. a4 Bg5+ 26. Kb2 f5 27. a5 f4 28. Bb7 e4 29. Bxa6 f3 30. gxf3 exf3 31. Ng3 Bf4 32. Nf1 Ne5 33. Bb5+ Kc8 34. a6 Nc4+ 35. Bxc4 dxc4 36. Ka3 Bd6+ 37. Ka4 1-0


[Site "https://www.chess.com"]

[Event "Titled Tuesday Blitz February 14 Late 2023"]
[White "Toncheva, Nadya"]
[Black "Oro, Faustino"]
[WhiteFideId "2924056"]
[BlackFideId "20000197"]
[WhiteElo "2295"]
[BlackElo "2269"]
[Result "0-1"]
[Round "11"]
[TimeControl "180+2"]
[Date "2023.02.14"]
[WhiteClock "0:00:03"]
[BlackClock "0:00:14"]

1. d4 Nf6 2. c4 e6 3. Nc3 d5 4. cxd5 exd5 5. Bg5 Be7 6. e3 O-O 7. Bd3 Re8 8. Qc2 h6 9. Bh4 c5 10. Nge2 Nc6 11. a3 cxd4 12. exd4 Be6 13. O-O Qd7 14. Rfe1 Ng4 15. Bxe7 Qxe7 16. h3 Nf6 17. Rad1 Rac8 18. Qa4 a6 19. Nf4 Qd6 20. Nce2 Bd7 21. Bb1 Ne4 22. Qb3 Nf6 23. Qf3 Na5 24. Nc3 Nc4 25. Nd3 Nxa3 26. Rxe8+ Bxe8 27. Nxd5 Nxd5 28. bxa3 Nc3 29. Re1 Bc6 30. Qf4 Qxf4 31. Nxf4 Rd8 32. Bc2 Rxd4 33. Bb3 Rxf4 34. Rc1 0-1


[Site "https://www.chess.com"]

[Event "Titled Tuesday Blitz February 14 Late 2023"]
[White "Novikov, Evgenij"]
[Black "Bjelobrk, Igor"]
[WhiteFideId "4125380"]
[BlackFideId "4300726"]
[WhiteElo "2276"]
[BlackElo "2403"]
[Result "0-1"]
[Round "11"]
[TimeControl "180+2"]
[Date "2023.02.14"]
[WhiteClock "0:00:05"]
[BlackClock "0:00:09"]

1. e4 e6 2. Nf3 d5 3. e5 c5 4. b4 cxb4 5. a3 d4 6. axb4 Bxb4 7. Ba3 Nc6 8. Bd3 Nge7 9. O-O O-O 10. Bxb4 Nxb4 11. Bxh7+ Kxh7 12. Ng5+ Kh6 13. Ra3 d3 14. Qg4 Nf5 15. f4 Qb6+ 16. Kh1 Kg6 17. Nxe6+ Kh7 18. Nxf8+ Kg8 19. e6 Kxf8 20. Qxf5 Bxe6 21. Qh5 Kg8 22. cxd3 g6 23. Qe2 Rd8 24. Nc3 Nc2 25. Raa1 Nd4 26. Qf2 a6 27. Ne4 Kg7 28. Rab1 Qa7 29. Ng3 Qb8 30. Rb4 Nf5 31. Re4 Qd6 32. Nxf5+ Bxf5 33. Re3 Bxd3 34. Rfe1 b5 35. Qg3 Bc4 36. Re5 Qxd2 37. h3 Qd3 38. Qg4 Qd7 39. f5 a5 40. Qg5 Qd2 41. f6+ Kh7 42. Qh4+ Qh6 43. Qxh6+ Kxh6 44. Re7 g5 45. g4 Kg6 46. Rc1 Kxf6 47. Rc7 a4 48. Rc6+ Kg7 49. Rc5 Rd3 50. Rxg5+ Kh6 51. Rh5+ Kg6 52. Kh2 a3 53. Re1 a2 54. Rf5 Rd2+ 55. Kg3 Rb2 56. Rfe5 Rb1 57. h4 a1=Q 58. h5+ Kg7 59. Rg5+ Kh7 60. Re8 Qc3+ 61. Kf4 Qf6+ 62. Rf5 Rf1+ 63. Kg3 Rxf5 64. gxf5 Qxf5 65. Re3 Qg5+ 66. Kf3 Qxh5+ 67. Kf4 Qc5 68. Rh3+ Kg7 69. Rg3+ Kf8 0-1


[Site "https://www.chess.com"]

[Event "Titled Tuesday Blitz February 14 Late 2023"]
[White "Rodrigues, Tiago Pereira"]
[Black "Sonnenschein, Philipp"]
[WhiteFideId "2101203"]
[BlackFideId "16250877"]
[WhiteElo "2155"]
[BlackElo "2224"]
[Result "1-0"]
[Round "11"]
[TimeControl "180+2"]
[Date "2023.02.14"]
[WhiteClock "0:02:03"]
[BlackClock "0:00:11"]

1. d4 Nf6 2. Bf4 d5 3. e3 c5 4. c3 cxd4 5. exd4 Nc6 6. h3 Bf5 7. Qb3 Qc8 8. Nd2 e6 9. a4 Be7 10. Ngf3 O-O 11. Bb5 Na5 12. Qa2 a6 13. Be2 Ne4 14. O-O Bd6 15. Bxd6 Nxd6 16. Ne5 f6 17. Nef3 b5 18. b4 Nac4 19. Nb3 Ne4 20. Rfc1 Qb7 21. Nh4 Bg6 22. f3 Ned6 23. Nc5 Qe7 24. Nxg6 hxg6 25. Qc2 Nf5 26. Bd3 Nfe3 27. Qe2 f5 28. Bxc4 Nxc4 29. Qxe6+ Qxe6 30. Nxe6 Rfe8 31. Nf4 Nb6 32. axb5 axb5 33. Nxg6 Re3 34. Rxa8+ Nxa8 35. Kf2 Rd3 36. Ke2 1-0


[Site "https://www.chess.com"]

[Event "Titled Tuesday Blitz February 14 Late 2023"]
[White "Pasti, Aron"]
[Black "Papasimakopoulos, Alexandros"]
[WhiteFideId "785857"]
[BlackFideId "4244125"]
[WhiteElo "2361"]
[BlackElo "2401"]
[Result "1-0"]
[Round "11"]
[TimeControl "180+2"]
[Date "2023.02.14"]
[WhiteClock "0:01:24"]
[BlackClock "0:01:30"]

1. e4 c5 2. Nf3 Nc6 3. d4 cxd4 4. Nxd4 e5 5. Nb5 d6 6. c4 a6 7. N5c3 Be6 8. Bd3 Be7 9. O-O Bg5 10. Bxg5 Qxg5 11. Nd5 Qd8 12. Nbc3 Nf6 13. Nxf6+ Qxf6 14. Nd5 Qd8 15. f4 Bxd5 16. exd5 Nd4 17. fxe5 dxe5 18. Qh5 Qe7 19. Rae1 g6 20. Qxe5 Qxe5 21. Rxe5+ Kf8 22. Rf4 Nf5 23. Bxf5 gxf5 24. Rexf5 Kg7 25. Rxf7+ Kg6 26. Rxb7 Rhc8 27. b3 a5 28. Rg4+ Kf5 29. h3 a4 30. Rxh7 axb3 31. axb3 Ra3 32. Rf7+ Ke5 33. Rf3 Rb8 34. Rgg3 Ra1+ 35. Kh2 Rb1 36. h4 Rh8 37. Rg5+ Ke4 38. h5 Rh6 39. Rh3 Rf6 40. h6 Rff1 41. h7 Kf4 42. Rf5+ Kxf5 43. h8=Q Kf4 44. Qf6+ Ke4 45. Qe6+ Kd4 46. Qe3# 1-0


[Site "https://www.chess.com"]

[Event "Titled Tuesday Blitz February 14 Late 2023"]
[White "Fiorito, Joaquin"]
[Black "Buchenau, Frank"]
[WhiteFideId "180173"]
[BlackFideId "4604350"]
[WhiteElo "2405"]
[BlackElo "2222"]
[Result "1-0"]
[Round "11"]
[TimeControl "180+2"]
[Date "2023.02.14"]
[WhiteClock "0:01:33"]
[BlackClock "0:00:19"]

1. d4 e6 2. Nc3 d5 3. Bf4 Nf6 4. Nb5 Na6 5. e3 c6 6. Nc3 Be7 7. Bxa6 bxa6 8. Nf3 O-O 9. Ne5 Qb6 10. Rb1 c5 11. O-O cxd4 12. exd4 a5 13. Ne2 Ba6 14. Re1 Rfc8 15. c3 Nh5 16. Be3 Nf6 17. Ng3 Rab8 18. h4 Bb5 19. h5 h6 20. Ng4 a4 21. a3 Kh8 22. Ne5 Kg8 23. Qf3 Be8 24. Bf4 Rb7 25. Ng4 Ne4 26. Nxe4 dxe4 27. Qg3 Kh8 28. Ne5 f6 29. Ng6+ Bxg6 30. Qxg6 Bd6 31. Bxd6 Qxd6 32. Qxe4 e5 33. Qxb7 1-0


[Site "https://www.chess.com"]

[Event "Titled Tuesday Blitz February 14 Late 2023"]
[White "Moral Garcia, Serafin"]
[Black "Martic, Ivan"]
[WhiteFideId "2201925"]
[BlackFideId "929301"]
[WhiteElo "2238"]
[BlackElo "2301"]
[Result "1-0"]
[Round "11"]
[TimeControl "180+2"]
[Date "2023.02.14"]
[WhiteClock "0:01:17"]
[BlackClock "0:01:26"]

1. e4 c5 2. Nf3 Nc6 3. Bb5 e6 4. O-O Nge7 5. Re1 a6 6. Bxc6 Nxc6 7. d4 cxd4 8. Nxd4 Be7 9. Nxc6 bxc6 10. Qg4 Kf8 11. e5 h5 12. Qf3 Bb7 13. Nc3 d5 14. exd6 Qxd6 15. Bf4 Qb4 16. Rxe6 c5 17. Ne4 Qxb2 18. Re1 Rd8 19. Rxe7 Kxe7 20. Nxc5+ Kf8 21. Nxb7 Qb4 22. c3 1-0


[Site "https://www.chess.com"]

[Event "Titled Tuesday Blitz February 14 Late 2023"]
[White "Rios Escobar, Adan"]
[Black "Brilej, Jaka"]
[WhiteFideId "3403645"]
[BlackFideId "14618818"]
[WhiteElo "2234"]
[BlackElo "2321"]
[Result "0-1"]
[Round "11"]
[TimeControl "180+2"]
[Date "2023.02.14"]
[WhiteClock "0:00:05"]
[BlackClock "0:00:03"]

1. d4 d5 2. g3 g6 3. Nf3 Bg7 4. Bg2 c6 5. c4 dxc4 6. O-O Nf6 7. a4 Ne4 8. Qc2 Nd6 9. Nbd2 Bf5 10. e4 Be6 11. Ng5 Bc8 12. e5 Nf5 13. Qxc4 O-O 14. e6 f6 15. Nf7 Qxd4 16. Qb3 Na6 17. Nf3 Qb4 18. Qa2 Nc5 19. Bd2 Qb3 20. g4 Qxa2 21. Rxa2 Bxe6 22. Ra3 Nd6 23. Nxd6 exd6 24. h3 f5 25. Ng5 Bxb2 26. Re3 Bc4 27. Rb1 Bf6 28. Ree1 Bd3 29. Rb4 a5 30. Rb6 Bd4 31. Re7 Bf6 32. Rexb7 Nxb7 33. Rxb7 Rab8 34. Bxc6 Rxb7 35. Bxb7 Bxg5 36. Bxg5 Bc4 37. Bc6 d5 38. Bd2 Rc8 39. Bd7 Rc7 40. Be6+ Kg7 41. gxf5 gxf5 42. Bxf5 Ra7 43. Bc3+ Kf7 44. Bd4 Ra6 45. Bxh7 Bb3 46. Bd3 Re6 47. Bb5 Re4 48. Bc3 Bxa4 49. Bd3 Rh4 50. Bf1 Bd7 51. Bxa5 Bxh3 52. Be2 Be6 53. Bc7 d4 54. Bg3 Rh8 55. Be5 Rd8 56. Bd3 Rd7 57. f4 Bg4 58. Kf2 Ke6 59. Kg3 Bf5 60. Bc4+ Ke7 0-1


[Site "https://www.chess.com"]

[Event "Titled Tuesday Blitz February 14 Late 2023"]
[White "Tanenbaum, Zachary"]
[Black "Reprintsev, Alexander"]
[WhiteFideId "2060850"]
[BlackFideId "14100541"]
[WhiteElo "2261"]
[BlackElo "2253"]
[Result "1-0"]
[Round "11"]
[TimeControl "180+2"]
[Date "2023.02.14"]
[WhiteClock "0:00:19"]
[BlackClock "0:00:09"]

1. e4 d5 2. exd5 Qxd5 3. Nc3 Qa5 4. d4 Nf6 5. Nf3 Nc6 6. Bb5 Ne4 7. Qd3 Nxc3 8. bxc3 a6 9. Bxc6+ bxc6 10. Ne5 f6 11. Nc4 Qf5 12. Qe2 Qe6 13. Ne3 a5 14. c4 Qe4 15. Bb2 e5 16. d5 Bb4+ 17. c3 Bc5 18. dxc6 Bxe3 19. fxe3 Ba6 20. Qh5+ g6 21. Qh6 Qxc4 22. O-O-O Qxc6 23. Qg7 Rf8 24. Qxh7 f5 25. Qg7 Qe6 26. h4 Rb8 27. h5 g5 28. h6 Rb5 29. h7 Rxb2 30. Qxf8+ 1-0


[Site "https://www.chess.com"]

[Event "Titled Tuesday Blitz February 14 Late 2023"]
[White "Womacka, Mathias"]
[Black "Cardoso Cardoso, Jose Gabriel"]
[WhiteFideId "4611390"]
[BlackFideId "4430492"]
[WhiteElo "2396"]
[BlackElo "2492"]
[Result "0-1"]
[Round "11"]
[TimeControl "180+2"]
[Date "2023.02.14"]
[WhiteClock "0:00:01"]
[BlackClock "0:00:18"]

1. e4 e5 2. Nf3 Nc6 3. Bb5 a6 4. Bxc6 dxc6 5. O-O Qf6 6. d4 exd4 7. Bg5 Qg6 8. Qxd4 Be7 9. Bxe7 Nxe7 10. Qe5 Bh3 11. Qg3 Qxg3 12. hxg3 Bd7 13. Nc3 b6 14. Rfd1 c5 15. Rd2 Be6 16. Ng5 Rd8 17. Rxd8+ Kxd8 18. Rd1+ Kc8 19. Nxe6 fxe6 20. f4 Nc6 21. Ne2 a5 22. Kf2 Re8 23. g4 h6 24. e5 Ne7 25. Nc3 Rf8 26. Ke3 Re8 27. g3 Rf8 28. Rd2 Nc6 29. Ne4 Nb4 30. a3 Nd5+ 31. Kf3 g5 32. f5 Ne7 33. f6 Ng6 34. Rh2 Nxe5+ 35. Ke2 Nxg4 36. Rh5 Nxf6 37. Nxf6 Rxf6 38. Ke3 Kd7 39. Ke4 Rf2 40. Rxh6 Rxc2 41. Rg6 Rxb2 42. Rxg5 Rb3 43. a4 Ra3 44. Ke5 Re3+ 0-1


[Site "https://www.chess.com"]

[Event "Titled Tuesday Blitz February 14 Late 2023"]
[White "Mikhalsky, Vladimir"]
[Black "Alex_Sahakyan2006"]
[WhiteFideId "14144352"]
[WhiteElo "2219"]
[BlackElo "2696"]
[Result "1-0"]
[Round "11"]
[TimeControl "180+2"]
[Date "2023.02.14"]
[WhiteClock "0:02:22"]
[BlackClock "0:02:57"]

1. d4 Nf6 2. c4 c5 3. d5 b5 4. cxb5 a6 5. b6 d6 6. Nc3 Nbd7 7. Nf3 g6 8. e4 Bg7 9. Bd3 O-O 10. O-O Qxb6 11. h3 a5 12. Na4 Qc7 13. Bd2 Ba6 14. Bc3 Rfb8 15. Re1 Bxd3 16. Qxd3 Ne8 17. Bxg7 Kxg7 18. Qc3+ 1-0


[Site "https://www.chess.com"]

[Event "Titled Tuesday Blitz February 14 Late 2023"]
[White "Sokolovsky, Yahli"]
[Black "Slade, Theodore"]
[WhiteFideId "2820242"]
[BlackFideId "426547"]
[WhiteElo "2461"]
[BlackElo "1995"]
[Result "1-0"]
[Round "11"]
[TimeControl "180+2"]
[Date "2023.02.14"]
[WhiteClock "0:00:43"]
[BlackClock "0:02:14"]

1. h4 e5 2. h5 d5 3. d3 c5 4. Nc3 Be6 5. Nf3 d4 6. Ne4 Nc6 7. c3 h6 8. e3 dxc3 9. bxc3 Nf6 10. Nxf6+ Qxf6 11. Rb1 O-O-O 12. Qa4 e4 13. dxe4 Qxc3+ 14. Bd2 Qf6 15. Ba6 Nb4 16. Bxb4 cxb4 17. Qc6+ Kb8 18. Qxb7# 1-0


[Site "https://www.chess.com"]

[Event "Titled Tuesday Blitz February 14 Late 2023"]
[White "Delorme, Axel"]
[Black "Cruz, Jonathan"]
[WhiteFideId "632023"]
[BlackFideId "3802124"]
[WhiteElo "2483"]
[BlackElo "2328"]
[Result "0-1"]
[Round "11"]
[TimeControl "180+2"]
[Date "2023.02.14"]
[WhiteClock "0:00:20"]
[BlackClock "0:01:08"]

1. e4 e5 2. Nf3 Nc6 3. Bb5 a6 4. Ba4 Nf6 5. O-O b5 6. Bb3 d6 7. c3 Be7 8. Re1 O-O 9. h3 Nb8 10. d4 Nbd7 11. c4 Bb7 12. Nc3 c6 13. a3 Rc8 14. Be3 exd4 15. Nxd4 Ne5 16. cxb5 axb5 17. f4 Nc4 18. Bf2 Nxb2 19. Qc2 Nc4 20. a4 Na5 21. axb5 Nxb3 22. Qxb3 cxb5 23. Ndxb5 d5 24. exd5 Bxd5 25. Nxd5 Qxd5 26. Qxd5 Nxd5 27. Rad1 Rcd8 28. Nd4 Bb4 29. Nc6 Bxe1 30. Nxd8 Bxf2+ 31. Kxf2 Rxd8 32. Kf3 Rd7 33. g4 Nf6 34. Rc1 h6 35. g5 hxg5 36. fxg5 Nh5 37. Kg4 g6 0-1


[Site "https://www.chess.com"]

[Event "Titled Tuesday Blitz February 14 Late 2023"]
[White "Figorito, Nick"]
[Black "Di Berardino, Diego Rafael"]
[WhiteFideId "30923689"]
[BlackFideId "2105446"]
[WhiteElo "2036"]
[BlackElo "2479"]
[Result "0-1"]
[Round "11"]
[TimeControl "180+2"]
[Date "2023.02.14"]
[WhiteClock "0:01:26"]
[BlackClock "0:01:23"]

1. Nf3 c5 2. g3 Nc6 3. d4 cxd4 4. Nxd4 g6 5. Bg2 Bg7 6. Nxc6 bxc6 7. O-O Nf6 8. c4 O-O 9. Nc3 Rb8 10. b3 d5 11. cxd5 Nxd5 12. Nxd5 Bxa1 13. Bh6 Bg7 14. Bxg7 Kxg7 15. Qd4+ f6 16. Qxa7 Rb7 17. Qa8 cxd5 18. Rd1 Rd7 19. e3 d4 20. exd4 Rxd4 21. Re1 Rd1 22. Qe4 Bb7 23. Qe2 Rxe1+ 24. Qxe1 Bxg2 25. Kxg2 Qd5+ 26. Kg1 e5 27. Qe3 Rd8 28. h4 Qd4 0-1


[Site "https://www.chess.com"]

[Event "Titled Tuesday Blitz February 14 Late 2023"]
[White "Poliakova, Varvara"]
[Black "Haszon, David"]
[WhiteFideId "13518313"]
[BlackFideId "733610"]
[WhiteElo "2010"]
[BlackElo "2264"]
[Result "1-0"]
[Round "11"]
[TimeControl "180+2"]
[Date "2023.02.14"]
[WhiteClock "0:01:30"]
[BlackClock "0:00:58"]

1. e4 e5 2. Nf3 Nc6 3. Bc4 Bc5 4. d4 Bxd4 5. Nxd4 Nxd4 6. O-O Nf6 7. Bg5 h6 8. f4 d6 9. Bxf6 Qxf6 10. fxe5 Qxe5 11. Bxf7+ Ke7 12. c3 Ne6 13. Bg6 Rf8 14. Bf5 Ng5 15. Nd2 Qc5+ 16. Kh1 Bxf5 17. exf5 Rxf5 18. Rxf5 Qxf5 19. Qb3 b6 20. Re1+ Kd7 21. Rf1 Qe6 22. Qa4+ c6 23. Qa6 Kc7 24. b4 Qc8 25. Qe2 Qe6 26. Qxe6 Nxe6 27. Rf7+ Kd8 28. Nc4 d5 29. Ne5 Rc8 30. Rxa7 c5 31. Nf7+ 1-0


[Site "https://www.chess.com"]